[Event "Sardinia World Festival-A 2024"]
[Site "Orosei"]
[Date "2024.04.29"]
[Round "3.34"]
[White "Carnicelli, Valerio"]
[Black "Maldonado Gonzales, Stefano"]
[Result "1/2-1/2"]
[ECO "C79"]
[WhiteElo "2413"]
[BlackElo "2218"]
[Annotator "TA"]
[PlyCount "79"]
[EventDate "2024.04.26"]
[EventType "swiss"]
[EventCountry "ITA"]
[SourceTitle "playchess.com"]
[Source "ChessBase"]
[SourceQuality "1"]
[TimeControl "40/5400+30:1800+30"]

1. e4 e5 2. Nf3 Nc6 3. Bb5 a6 4. Ba4 Nf6 5. O-O d6 6. c3 Bd7 7. Re1 g6 8. d4 Bg7 9. h3 O-O 10. Bc2 Nh5 11. a4 {[%emt 0:00:24][%cal Ba2a4,Ba4b5][%mdl 32] White is slightly better.} Qe8 12. Na3 Kh8 13. Nc4 $1 b5 14. Ne3 Ne7 15. axb5 exd4 16. Nd5 ({Better is} 16. cxd4 $16 axb5 17. Rxa8 Qxa8 18. Bb3) 16... Nxd5 $11 17. exd5 Qc8 18. Nxd4 {[%emt 0:09:04] next Re7 is good for White.} axb5 19. Rxa8 (19. Bd2 {simplifies} Rxa1 20. Qxa1 Nf6 21. Bb3) 19... Qxa8 20. Qd3 (20. Bb3 {simplifies} Re8 21. Rxe8+ Qxe8 22. Nc6) 20... Qxd5 21. Re7 (21. Bb3 $11 {feels stronger.} Qa8 22. Nxb5) 21... Bc6 (21... Re8 $1 $15 22. Rxe8+ (22. Rxd7 $2 Re1+ $19) (22. Bb3 Qa8 $17) 22... Bxe8) 22. Nxc6 $14 Qxc6 23. Bb3 b4 $1 24. Bd2 (24. Rxf7 Rxf7 25. Bxf7 bxc3 $11) 24... bxc3 25. bxc3 Kg8 26. Bd5 {[%emt 0:02:38] This pair of bishops is nice.} Qa4 27. Rxc7 (27. Bf3 $11) 27... Qd1+ $1 $15 28. Kh2 Nf4 ({Wrong is} 28... Bh6 $2 29. Bxf7+ (29. g4 Bxd2 30. Qc4 Qe1 $11) 29... Kh8 (29... Rxf7 $2 {perishes.} 30. Bxh6 Rxc7 31. Qxd1 $18) 30. Qd4+ Bg7 31. Qxd6 $18) 29. Bf3 Nxd3 30. Bxd1 Nxf2 31. Bc2 {[%emt 0:03:55] [#] Hoping for Kg1.} f5 (31... Ne4 $15 32. Bf4 (32. Bxe4 d5 $17) 32... Nxc3 33. Bxd6 Rd8) 32. Kg1 Ne4 33. Be1 Rb8 34. Kf1 h5 35. Ke2 Be5 36. Kd3 $2 {[%emt 0:05:04] [#]} (36. Bxe4 $11 fxe4 37. Ke3) 36... d5 (36... Rb2 $19 {and Black stays clearly on top. White must now prevent ...Bf4.} 37. Rc4 Bf4) 37. Rc6 Kf7 38. h4 (38. Ke2 $17) 38... Rb5 39. Rc8 Rc5 (39... Rb2 $142 40. Ra8 Rb6) 40. Rxc5 {[%emt 0:00:34] Weighted Error Value: White=0.28 (precise) /Black=0.22 (precise) .  Loses game:     	White=1     	---        Mistake:       	White=4     	Black=4      Inaccurate:     	White=6     	Black=5      OK:         	White=7     	Black=11     Best:        	White=3     	Black=3      Strong:       	White=1     	Black=2} 1/2-1/2

[Event "Sardinia World Festival-A 2024"]
[Site "Orosei"]
[Date "2024.04.29"]
[Round "3.35"]
[White "Kairbekova, Amina"]
[Black "Lumachi, Gabriele"]
[Result "1/2-1/2"]
[ECO "B03"]
[WhiteElo "2204"]
[BlackElo "2413"]
[Annotator "TA"]
[PlyCount "136"]
[EventDate "2024.04.26"]
[EventType "swiss"]
[EventCountry "ITA"]
[SourceTitle "playchess.com"]
[Source "ChessBase"]
[SourceQuality "1"]
[TimeControl "40/5400+30:1800+30"]

1. e4 Nf6 2. e5 Nd5 3. d4 d6 4. c4 Nb6 5. f4 dxe5 6. fxe5 Bf5 7. Nc3 e6 8. Be3 Nc6 9. Nf3 Be7 10. Be2 f6 {[%emt 0:00:08] B03: Alekhine's Defence: Four Pawns Attack.} 11. exf6 Bxf6 12. O-O Qe7 13. Kh1 O-O 14. Qd2 Rad8 15. Rad1 Kh8 16. h3 Bg6 17. Qc1 a5 18. a3 $146 ({Predecessor:} 18. Rfe1 Qf7 19. b3 Rd7 20. Rf1 Qe7 21. a3 Rfd8 22. Nb5 Nc8 23. Ng5 h6 24. Nxe6 Qxe6 {½-½ Abudureheman,N (2008)-Pham,L (2373) Belt and Road Hunan op-B 2019 (7)}) 18... a4 19. d5 (19. Nb5 $14 {is more appropriate.}) 19... exd5 $11 20. cxd5 Na5 $1 21. Bxb6 cxb6 22. Rde1 Nb3 23. Qd1 Bxc3 24. bxc3 Qxa3 25. Ne5 Qd6 26. Nxg6+ hxg6 27. Rxf8+ Rxf8 28. Bb5 Nc5 29. Bxa4 Nxa4 30. Qxa4 Qxd5 31. Re8 Rxe8 32. Qxe8+ Kh7 33. Qe1 b5 34. Kh2 Qc4 35. h4 Qc5 36. g3 Qd5 37. Kh3 Qf3 38. Kh2 $1 Qc6 39. Qe3 Qd5 40. Qe1 Qa2+ 41. Kh3 Qc2 42. g4 Qd3+ 43. Kh2 Qd7 44. Kg3 Kg8 45. Kh3 Qc6 46. Kg3 Qc7+ 47. Kg2 Qf4 48. g5 $1 Kf7 49. Kh3 Qf3+ 50. Kh2 Qg4 51. Qf1+ $2 {[%emt 0:00:00] [#]} ({Only move:} 51. Kh1 $1 $15) 51... Ke6 $1 $19 52. Qf2 $2 (52. Qxb5 {was the only defense.} Qxh4+ 53. Kg1 Qg4+ 54. Kh2 Qf4+ (54... Qh4+ $2 55. Kg1 $19) 55. Kg1) 52... Qe4 $19 53. Kg1 Qb1+ 54. Kg2 Qe4+ 55. Kg1 Qb1+ 56. Kg2 $1 Qd3 ({Don't take} 56... Qe4+ 57. Kh2) 57. Qb6+ Qd6 58. Qe3+ {[%emt 0:00:39] [#]} Qe5 $1 59. Qb6+ (59. Qh3+ $17 Kd6 60. Qc8) 59... Qd6 $2 ({Better is} 59... Kf5 $19 60. Kf2 Qh2+ (60... Qxc3 61. Qxb5+ Kg4 62. Qxb7 $17) 61. Ke1 Qxh4+ 62. Kd1 Qc4 (62... Kxg5 63. Qxb5+ Kh6 64. Qxb7 $11)) 60. Qe3+ $1 $15 Kd7 61. Kf1 Kc6 ({Black should play} 61... Qd1+ $15 62. Kf2 Qh1) 62. Qe4+ $11 Kb6 63. Ke2 Ka6 64. Qe8 Kb6 65. Qf7 Qh2+ 66. Kd3 Qh3+ 67. Kc2 Qh2+ ({But not} 67... Qf5+ $2 68. Qxf5 gxf5 69. h5 $18) 68. Kb3 Qd6 1/2-1/2

[Event "Sardinia World Festival-A 2024"]
[Site "Orosei"]
[Date "2024.04.29"]
[Round "3.36"]
[White "Atanasov, Anthony"]
[Black "Lacan Rus, David"]
[Result "1-0"]
[ECO "E60"]
[WhiteElo "2407"]
[BlackElo "2214"]
[Annotator "TA"]
[PlyCount "93"]
[EventDate "2024.04.26"]
[EventType "swiss"]
[EventCountry "ITA"]
[SourceTitle "playchess.com"]
[Source "ChessBase"]
[SourceQuality "1"]
[TimeControl "40/5400+30:1800+30"]

1. d4 Nf6 2. c4 g6 3. h4 Bg7 4. Nc3 d5 5. h5 Nxh5 6. cxd5 (6. Nxd5 c6 7. Nc3 Qxd4 (7... Bxd4 8. Qc2 $17) 8. Qxd4 Bxd4 $17) 6... c6 7. e4 cxd5 8. e5 {[%emt 0:00:12] Black must now prevent g4. White is slightly better.} (8. exd5 Nf6 $15) (8. Nxd5 Nc6 $11) 8... Bf8 9. Nf3 Nc6 10. Qb3 Ng7 11. Bg5 (11. Nxd5 Nf5 $11) (11. Qxd5 $16 Bg4 12. Ng5) 11... Ne6 (11... Rb8 $11) 12. Nxd5 {[%emt 0:09:57] White has more active pieces. The black rooks are passive.} (12. Qxd5 $14 Qxd5 13. Nxd5) 12... Bg7 ({Black should play} 12... a6 $11) 13. Be3 O-O 14. Rd1 Na5 15. Qb5 b6 (15... a6 $2 16. Nxe7+ Qxe7 17. Qxa5 $18) 16. Nc3 Nc7 17. Qd3 Nd5 $1 18. Qd2 Nxe3 19. Qxe3 Bg4 20. Be2 $36 {[%emt 0:00:04][%mdl 2048] White has good play.} Rc8 21. Ng5 Bxe2 22. Qxe2 h6 23. Nf3 Nc4 24. O-O Qc7 25. Rc1 {[%emt 0:01:21] [#] Threatens to win with Nb1.} Qd7 26. b3 Na5 27. Rfd1 (27. d5 $16) 27... Rfd8 (27... e6 $14 {should be considered.}) 28. d5 $16 Qf5 (28... Qg4 $142) 29. Rd4 (29. b4 $16 Nc4 30. Nd4 Qxe5 31. Nc6 Qxe2 32. Nxe2) 29... Nb7 $14 30. b4 Rc7 31. Qe3 (31. Rdd1 $14) 31... Rdc8 $1 $11 32. Rdd1 Rc4 33. a3 h5 {[%emt 0:00:29] [#]} (33... Kh7 $11 {keeps the balance.}) 34. Nb5 (34. Rd3 $1 $16) 34... a6 $2 {[%emt 0:00:52][%mdl 8192] A mistake that costs the game.} (34... Rxc1 $11 {and Black is okay.} 35. Rxc1 Rxc1+ 36. Qxc1 Bxe5) 35. Rxc4 Rxc4 36. Nbd4 (36. Qxb6 $6 axb5 37. Qxb7 Bxe5) 36... Qd7 37. Qe2 Qxd5 38. Nf5 $1 Qe4 ({Not} 38... Qe6 $2 39. Nxe7+ (39. N3d4 Rxd4 40. Nxd4 Qxe5 $18) 39... Kf8 40. Nd5 $18) (38... Qb5 {was called for.} 39. N3d4 (39. Nxe7+ Kf8 $18) 39... Rxd4 40. Nxd4 Qxe2 41. Nxe2 Bxe5) 39. Nxe7+ $18 {[%emt 0:00:03] Excellent horsemanship.} Kf8 40. Qd2 ({Don't do} 40. Qxe4 $6 Rxe4 41. Rd7 Nd8 $18) 40... Kxe7 $2 (40... Qc2) 41. Qd7+ Kf8 42. Nd2 $2 (42. Ng5 Qf5 43. e6) 42... Qg4 43. Nxc4 (43. Qxb7 $2 {too greedy.} Qxd1+ 44. Nf1 Bxe5 $19) 43... Qxc4 44. Qxb7 Bxe5 45. Qxb6 Qf4 46. g3 Qg4 (46... Qc4 $18 47. Qc5+ Qxc5 48. bxc5 Ke7) 47. Qc5+ {[%emt 0:00:00] Weighted Error Value: White=0.27 (precise) /Black=0.45.  Loses game:     	---       	Black=1      Mistake:       	White=6     	Black=8      Inaccurate:     	---       	Black=4      OK:         	White=9     	Black=13     Best:        	White=7     	Black=2      Strong:       	White=1     	Black=2} 1-0

[Event "Sardinia World Festival-A 2024"]
[Site "Orosei"]
[Date "2024.04.29"]
[Round "3.37"]
[White "Di Benedetto, Edoardo"]
[Black "Chitre Arush"]
[Result "1/2-1/2"]
[ECO "E14"]
[WhiteElo "2400"]
[BlackElo "2210"]
[Annotator "TA"]
[PlyCount "156"]
[EventDate "2024.04.26"]
[EventType "swiss"]
[EventCountry "ITA"]
[SourceTitle "playchess.com"]
[Source "ChessBase"]
[SourceQuality "1"]
[TimeControl "40/5400+30:1800+30"]

1. d4 Nf6 2. Nf3 e6 3. e3 b6 4. Bd3 Bb7 5. O-O Be7 6. Nbd2 c5 7. b3 O-O 8. Bb2 d6 9. c4 Nbd7 10. Qe2 cxd4 11. exd4 Re8 12. Rfe1 Nf8 13. Rac1 Rc8 14. Ng5 d5 15. Ndf3 {[%emt 0:01:54] Ne5 is the strong threat.} h6 16. Nh3 Bd6 17. Ne5 N6d7 18. Qh5 Nxe5 19. dxe5 Bc5 (19... dxc4 $15 20. Bxc4 Bb4) 20. Qg4 (20. cxd5 $14 Qxd5 21. Be4) 20... dxc4 $15 21. Bxc4 Qe7 22. Nf4 Red8 23. Rcd1 {[%emt 0:04:12] Dodges Rd2} Rxd1 (23... Qg5 {simplifies} 24. Qxg5 hxg5 25. Rxd8 Rxd8 26. Nd3 Bd4) 24. Rxd1 Rd8 {[%emt 0:00:45][%cal Oe7h4] Threatens to win with ...Qh4!} 25. Bd3 (25. Rd3 $11 {remains equal.}) 25... Rd7 $1 $17 26. Be2 Rxd1+ 27. Bxd1 Qd8 {[%emt 0:01:58] Dodges Nd3} 28. Bc3 {[%emt 0:02:38] Prevents Qd2} Be4 {[%emt 0:01:37] Wards off Bc2} 29. Qe2 Ng6 30. Nxg6 Bxg6 31. b4 Be7 32. Bb3 Qd7 33. Qd2 Qxd2 34. Bxd2 $11 {[%emt 0:00:02][%mdl 4096] Endgame. KBB-KBB} Be4 35. f3 Bc6 36. Kf2 Kf8 37. Ke3 Ke8 38. g3 Kd7 39. f4 Bb5 40. Bc3 g6 41. g4 Bd8 42. Bd2 Be7 43. a3 Bd8 44. Bc2 Be7 45. Bd1 Bd8 46. Kd4 Be7 47. f5 Bf8 48. fxg6 fxg6 49. g5 hxg5 50. Bxg5 {[%emt 0:00:00] Black should prevent Bc2.} Kc7 51. Bb3 Bd7 52. Ke4 Bc6+ 53. Kf4 Bd7 (53... a5 $14) 54. Kg4 $16 Kc8 (54... Kc6 $16 {is a better defense.}) 55. Bd2 {[%emt 0:00:00] Strongly threatening Kg5.} Be7 {[%emt 0:00:00] [#]} 56. Bh6 $1 {[%emt 0:00:00] And now Bg7 would win.} a5 {[%emt 0:05:47] [#]} 57. bxa5 (57. Bg5 $1 $16 Bf8 58. Be3) 57... bxa5 $14 58. a4 {[%emt 0:00:00] aiming for Bg5.} Kc7 (58... Kb7 $1 $14) 59. Bg7 (59. Bd2 $16) 59... Kd8 $2 ({Black should play} 59... Be8 $1 $14) 60. Bf6 $18 Bxf6 (60... Ke8 $18 61. Kg5 Bb4) 61. exf6 {[%emt 0:00:00] KB-KB} e5+ 62. Kg5 Ke8 63. Kxg6 Kf8 64. Kg5 $2 (64. h4 {mates} Bc6 65. Kg5 Be4 66. Be6 Bd3 67. h5 Bh7 68. Bf5 Bg8 69. h6) 64... e4 $11 65. Kf4 e3 66. Kxe3 $16 {[%emt 0:00:00] Ke4 would kill now.} Bxa4 67. Ba2 (67. Bxa4 $16 {Intending Ke4 and mate.} Kf7 68. Ke4 Kxf6 69. Kd3) 67... Be8 $11 {[%emt 0:00:35] The position is equal.} 68. Kd4 Bf7 69. Bb1 a4 70. Kc3 a3 71. Be4 Be6 72. Bg6 Bf7 73. Bf5 Bd5 74. Bg6 Bf7 (74... a2 $5 75. Kb2 $8 Bf7 $11) 75. Bxf7 Kxf7 76. Kb3 Kxf6 77. Kxa3 Kg5 78. h4+ Kxh4 {[%emt 0:00:06] White really could win this.   Weighted Error Value: White=0.16 (very precise) /Black=0.33.  Loses game:     	---       	Black=1      Mistake:       	White=5     	Black=6      Inaccurate:     	White=3     	Black=3      OK:         	White=18    	Black=23     Best:        	White=2     	Black=3      Strong:       	White=1     	Black=1} 1/2-1/2

[Event "Sardinia World Festival-A 2024"]
[Site "Orosei"]
[Date "2024.04.29"]
[Round "3.38"]
[White "Shvedova, Alexandra"]
[Black "Zemach, Nadav"]
[Result "1/2-1/2"]
[ECO "C55"]
[WhiteElo "2203"]
[BlackElo "2396"]
[Annotator "TA"]
[PlyCount "103"]
[EventDate "2024.04.26"]
[EventType "swiss"]
[EventCountry "ITA"]
[SourceTitle "playchess.com"]
[Source "ChessBase"]
[SourceQuality "1"]
[TimeControl "40/5400+30:1800+30"]

1. e4 e5 2. Nf3 Nc6 3. Bc4 Nf6 4. d3 h6 5. O-O d6 6. c3 g5 7. a4 Bg7 8. a5 a6 {[%emt 0:00:51] White has an edge.} 9. Nbd2 O-O 10. h3 Ne7 11. Re1 Ng6 12. Nf1 d5 13. exd5 Nxd5 14. d4 exd4 15. Nxd4 Ndf4 16. Ng3 b5 17. axb6 Bb7 {[%emt 0:03:13] Against Qf3} 18. Bxf4 Nxf4 19. Ne4 {[%emt 0:00:20] White is more active.} ({White should try} 19. bxc7 $16 Qxc7 20. Bf1) 19... Bxd4 (19... Re8 $1 $11 20. Nc5 Bxg2) 20. Qxd4 ({White should play} 20. cxd4 $16 Bxe4 21. Rxe4 cxb6 22. g3 (22. Bxa6 Qd5 $11) (22. Rxa6 Rxa6 23. Bxa6 Qa8 $14)) 20... Qxd4 $11 21. cxd4 cxb6 22. Nf6+ (22. g3 $11 Nxh3+ 23. Kg2) 22... Kg7 $15 23. Nd7 Rfe8 (23... Nxg2 $1 $15 {is more appropriate.} 24. Re2 (24. Re7 Rae8 $15) 24... Nf4) 24. Nxb6 Rad8 (24... Nxg2 $11 25. Rxe8 Rxe8) 25. Rxe8 $16 (25. Bxa6 $2 Rxe1+ (25... Bxg2 26. Rxe8 Rxe8 27. h4 $15) 26. Rxe1 Bxa6 $19) 25... Rxe8 26. d5 ({Much worse is} 26. Bxa6 Bxg2 27. Bc4 Rb8 $15 (27... Nxh3+ $2 {too greedy.} 28. Kxg2 Nf4+ 29. Kf1 $18) (27... Bxh3 28. Ra7 $11)) 26... Rd8 27. g3 (27. Bxa6 Bxa6 28. Rxa6 Rd6 $19) (27. Rd1 $16) 27... Nxh3+ $11 {[%emt 0:01:19] The position is equal.} 28. Kg2 g4 29. Bxa6 Bxd5+ 30. Nxd5 Rxd5 {[%emt 0:00:02][%mdl 4096] Endgame. KRB-KRN} 31. Re1 Rd2 32. Re2 Rd1 33. Bb7 f5 34. Rc2 h5 35. Rc5 f4 36. gxf4 h4 37. Rc7+ Kf6 38. Rc6+ Ke7 39. Rc7+ Kd8 40. Rc8+ Ke7 41. Rc7+ Kf6 42. Rc6+ Kf7 43. Rc7+ Ke8 44. Rc8+ Kd7 45. Rc4 {[%emt 0:00:00] [#] Hoping for Bc8+.} Rd2 46. Bc8+ Kd6 47. Bxg4 Nxf2 48. Bf3 Rxb2 49. f5 h3+ 50. Kg3 Ke5 51. Rc1 h2 52. Rf1 {[%emt 0:00:00] Weighted Error Value: White=0.17 (very precise) /Black=0.13 (very precise) .  Mistake:       	White=4     	Black=3      Inaccurate:     	---       	Black=3      OK:         	White=21    	Black=21     Best:        	White=6     	Black=2} 1/2-1/2

[Event "Sardinia World Festival-A 2024"]
[Site "Orosei"]
[Date "2024.04.29"]
[Round "3.39"]
[White "Ibrayev, Nurlan"]
[Black "Roesch, Mario"]
[Result "1-0"]
[ECO "D56"]
[WhiteElo "2368"]
[BlackElo "2207"]
[Annotator "TA"]
[PlyCount "112"]
[EventDate "2024.04.26"]
[EventType "swiss"]
[EventCountry "ITA"]
[SourceTitle "playchess.com"]
[Source "ChessBase"]
[SourceQuality "1"]
[TimeControl "40/5400+30:1800+30"]

1. d4 d5 2. c4 e6 3. Nf3 Nf6 4. Nc3 Be7 5. Bg5 h6 6. Bh4 O-O 7. e3 Ne4 8. Bxe7 Qxe7 9. Rc1 c6 10. Bd3 Nxc3 11. Rxc3 Nd7 12. cxd5 exd5 13. O-O Nf6 14. Ne5 Nd7 15. Nxd7 {[%emt 0:03:42] The position is equal.} Bxd7 16. Re1 Be6 17. a3 Rfc8 18. Qc2 Qd6 19. Rc1 Bd7 20. b4 g6 21. Qb2 b5 22. Rc5 a5 23. a4 axb4 24. axb5 cxb5 25. Qxb4 {[%emt 0:03:29] And now Rxc8+ would win.} Rxc5 26. dxc5 Qc6 27. Qf4 Ra4 (27... Qa6 $11 28. Bf1 (28. Qxh6 $2 Qa3 $19) 28... Rc8) 28. Qb8+ (28. Qxh6 Qf6 29. g3 Ra3 $17) 28... Kg7 29. Qe5+ $1 Kg8 30. h3 Ra3 31. Be2 Qa8 (31... f6 $14 32. Qb2 Ra7) 32. Bf3 Bc6 33. Rd1 {[%emt 0:00:37][%cal Rf3d5] White has more active pieces.} Qe8 34. Qxe8+ (34. Qb2 $142 $1 Ra7 35. Bxd5) 34... Bxe8 $16 35. Rxd5 {[%emt 0:00:04][%mdl 4096] Endgame. KRB-KRB} ({Much worse is} 35. Bxd5 $6 Rc3 $11) 35... Ra1+ {[%emt 0:04:21] [#]} (35... Kf8 $16) 36. Rd1 $1 $18 Rxd1+ 37. Bxd1 {[%emt 0:00:02] KB-KB} Kf8 {[%emt 0:04:00] [#]} 38. Kf1 $1 Ke7 39. Bf3 {[%emt 0:04:44] Repels Bc6} b4 40. Ke2 Bb5+ 41. Kd2 Ke6 42. Bb7 g5 43. g3 Bc4 44. e4 f6 $2 (44... h5 45. Bc8+ Ke7) 45. f4 gxf4 (45... Ke7 $142 46. Kc2 gxf4 47. gxf4 f5) 46. gxf4 Bb5 47. Ke3 Kd7 48. Bd5 Kc7 49. Kd4 {[%emt 0:00:00] f5 would now be deadly.} Bf1 50. h4 {[%emt 0:00:00] White mates.} Bb5 51. f5 Kd7 52. e5 Ke7 53. c6 b3 54. c7 ({Weaker is} 54. Bxb3 Bxc6 55. Bd5 Ba4 $14) 54... Bd7 55. Bxb3 Bxf5 {[%emt 0:03:36] [#]} 56. e6 $1 Kd6 {[%emt 0:02:18] Weighted Error Value: White=0.06 (flawless) /Black=0.40.  Mistake:       	White=1     	Black=5      Inaccurate:     	White=1     	Black=1      OK:         	White=13    	Black=11     Best:        	White=1     	Black=3      Strong:       	White=2     	---} (56... Bxe6 57. Bxe6) 1-0

[Event "Sardinia World Festival-A 2024"]
[Site "Orosei"]
[Date "2024.04.29"]
[Round "3.40"]
[White "Corvi, Marco"]
[Black "Savitha Shri B"]
[Result "1/2-1/2"]
[ECO "A06"]
[WhiteElo "2185"]
[BlackElo "2363"]
[Annotator "RC"]
[PlyCount "121"]
[EventDate "2024.04.26"]
[EventType "swiss"]
[EventCountry "ITA"]
[SourceTitle "playchess.com"]
[Source "ChessBase"]
[SourceQuality "1"]
[TimeControl "40/5400+30:1800+30"]

1. Nf3 Nf6 2. b3 c5 3. Bb2 Nc6 4. e3 d5 5. Bb5 Bg4 6. h3 Bh5 7. g4 Bg6 8. Ne5 Qc7 9. d3 e6 10. h4 Bd6 11. Bxc6+ bxc6 12. f4 d4 13. h5 Bxe5 14. fxe5 Qxe5 15. Qf3 O-O 16. Na3 h6 17. hxg6 fxg6 18. Nc4 Qg5 19. O-O-O Nxg4 20. Qxc6 Qd5 21. Qa6 Nf2 22. e4 Qg5+ 23. Kb1 Nxh1 24. Qxe6+ Kh7 25. Rxh1 Qg2 26. Rc1 Rf1 27. Rxf1 Qxf1+ 28. Bc1 Rf8 29. Ne5 Rf6 30. Qe7 c4 31. dxc4 Rf2 32. Nd3 Rh2 33. Qxa7 Qe2 34. Nb4 Qe1 35. Qa3 Qc3 36. e5 Re2 37. e6 d3 38. cxd3 Rxe6 39. Nc2 Qxd3 40. Qb2 h5 41. Qd4 Qf5 42. a4 Re2 43. Qc3 h4 44. Bb2 Re7 45. Ka2 h3 46. Nd4 Qh5 47. Ne6 h2 48. Nxg7 Qe2 49. Qh3+ Kg8 50. Ne8 Re5 51. Ka3 Kf7 52. Nd6+ Ke7 53. Bxe5 Qxe5 54. Nc8+ Kd8 55. Nb6 Qd6+ 56. b4 h1=Q 57. Qxh1 Qd3+ 58. Kb2 Qd2+ 59. Kb3 Qd3+ 60. Kb2 Qd2+ 61. Kb3 1/2-1/2

[Event "Sardinia World Festival-A 2024"]
[Site "Orosei"]
[Date "2024.04.29"]
[Round "3.41"]
[White "Carlo, Emanuele"]
[Black "Balinski, Damian"]
[Result "1/2-1/2"]
[ECO "C42"]
[WhiteElo "2363"]
[BlackElo "2204"]
[Annotator "TA"]
[PlyCount "77"]
[EventDate "2024.04.26"]
[EventType "swiss"]
[EventCountry "ITA"]
[SourceTitle "playchess.com"]
[Source "ChessBase"]
[SourceQuality "1"]
[TimeControl "40/5400+30:1800+30"]

1. e4 e5 2. Nf3 Nf6 3. Nxe5 d6 4. Nf3 Nxe4 5. Nc3 Nxc3 6. dxc3 Be7 7. Be3 Nc6 8. Qd2 Be6 9. O-O-O Qd7 10. Kb1 Bf6 11. Be2 {[%emt 0:06:12] White is slightly better.} a6 12. h3 O-O-O 13. g4 h6 14. Nd4 Nxd4 15. Bxd4 Bxd4 16. Qxd4 g5 17. Qf6 Qa4 18. b3 {[%emt 0:06:12] Active counter play!} Qa5 19. Rhe1 Qe5 20. Qf3 {[%emt 0:00:02][%cal Oe2a6] [#] Hoping for Bxa6!} Qg7 21. Kb2 Rhe8 22. Bd3 {[%emt 0:04:08][%cal Be2d3,Bd3e4,Be4d5,Bd5c4][%mdl 32] And now Be4 would win.} Kb8 23. Be4 Bc8 24. Bd5 f6 25. Bc4 Re5 26. Re3 Rde8 27. Bd3 R8e7 28. a4 h5 29. gxh5 $16 g4 30. hxg4 (30. Qf4 $16 {h6 would now be deadly.} gxh3 31. h6) 30... Rxe3 $11 {[%emt 0:01:59] The position is equal.} 31. fxe3 Bxg4 32. h6 $1 Qg5 (32... Bxf3 {simplifies} 33. hxg7 Rxg7 34. Rf1 Rg3) 33. Qh1 Bxd1 34. h7 Rxh7 $1 35. Bxh7 Qh5 36. Qxh5 Bxh5 37. c4 a5 38. Bf5 c5 39. Kc3 {[%emt 0:00:50] Weighted Error Value: White=0.09 (flawless) /Black=0.08 (flawless) .  Mistake:       	White=1     	Black=1      Inaccurate:     	White=2     	---        OK:         	White=11    	Black=18     Best:        	White=2     	Black=2      Strong:       	White=1     	Black=1} 1/2-1/2

[Event "Sardinia World Festival-A 2024"]
[Site "Orosei"]
[Date "2024.04.29"]
[Round "3.42"]
[White "Vagman, Roy"]
[Black "Gagliardi, Cristian"]
[Result "1-0"]
[ECO "B01"]
[WhiteElo "2357"]
[BlackElo "2195"]
[Annotator "TA"]
[PlyCount "47"]
[EventDate "2024.04.26"]
[EventType "swiss"]
[EventCountry "ITA"]
[SourceTitle "playchess.com"]
[Source "ChessBase"]
[SourceQuality "1"]
[TimeControl "40/5400+30:1800+30"]

1. e4 d5 2. exd5 Qxd5 3. Nc3 Qa5 4. d4 Nf6 5. Nf3 Bf5 6. Ne5 c6 7. Bf4 Nbd7 8. Nc4 Qd8 9. Ne3 Be6 {[%emt 0:03:10] White is slightly better.} 10. a4 Qa5 {[%emt 0:04:41] [#]} 11. Be2 {[%emt 0:00:00] Prevents Nh5} ({White should play} 11. Bc4 $1 $16) 11... g6 12. O-O $36 {[%emt 0:00:00][%mdl 2048] White is pushing.} Bg7 13. Re1 O-O 14. h3 Nd5 (14... Rad8 $11) 15. Ncxd5 $16 cxd5 16. c3 {[%emt 0:00:00] Repels Qb4} Rfc8 {[%emt 0:01:22] [#]} (16... Nf6 $16) 17. Bf3 (17. Qb3 $1 $18) 17... Nf6 18. Qb3 b6 $2 {[%emt 0:08:59] A mistake that costs the game.} (18... Qb6 $16 {keeps fighting.} 19. Ra3 Qxb3 20. Rxb3 b6) 19. Be2 $18 Ne4 20. Qa3 {[%emt 0:00:00][%cal Ob2b4] Hoping for b4!} Nxc3 21. bxc3 Rxc3 (21... Qxc3 {was necessary.} 22. Ba6 (22. Qxe7 Qxd4 23. Qg5 h6 $18) 22... Bxd4 23. Bxc8 (23. Qxe7 Bf6 $18) 23... Qxc8 24. Qxe7 Bxa1) 22. Qxe7 {[%emt 0:00:00] White is clearly winning.} Bxd4 23. Rad1 Qc5 24. Bd6 {[%emt 0:00:00] Weighted Error Value: White=0.12 (very precise) /Black=0.53.  Loses game:     	---       	Black=1      Mistake:       	White=2     	Black=3      Inaccurate:     	White=1     	Black=1      OK:         	White=8     	Black=4      Best:        	White=1     	Black=1} 1-0

[Event "Sardinia World Festival-A 2024"]
[Site "Orosei"]
[Date "2024.04.29"]
[Round "3.43"]
[White "Saine, Zachary"]
[Black "Selbes, Tamer Tarik"]
[Result "0-1"]
[ECO "C55"]
[WhiteElo "2032"]
[BlackElo "2219"]
[Annotator "NA RC"]
[PlyCount "50"]
[EventDate "2024.04.26"]
[EventType "swiss"]
[EventCountry "ITA"]
[SourceTitle "playchess.com"]
[Source "ChessBase"]
[SourceQuality "1"]
[TimeControl "40/5400+30:1800+30"]

1. e4 e5 2. Nf3 Nc6 3. Bc4 Nf6 4. d3 h6 5. a4 a6 6. O-O d6 7. c3 g6 8. Re1 Bg7 9. Nbd2 O-O 10. Nf1 d5 11. exd5 Nxd5 12. a5 b5 13. axb6 cxb6 14. Qb3 Nde7 15. Be3 b5 16. Bxb5 Rb8 17. c4 axb5 18. cxb5 Be6 19. Qa4 Nd4 20. Nxd4 exd4 21. Bf4 Rb7 22. Qa6 Qd7 23. b6 Nd5 24. Bc7 Qc8 25. Bd6 Rxb6 0-1

[Event "Sardinia World Festival-A 2024"]
[Site "Orosei"]
[Date "2024.04.29"]
[Round "3.44"]
[White "Wang, Shanshan"]
[Black "Guidi, Giacomo"]
[Result "1-0"]
[ECO "B33"]
[WhiteElo "1966"]
[BlackElo "1894"]
[Annotator "NA RC"]
[PlyCount "57"]
[EventDate "2024.04.26"]
[EventType "swiss"]
[EventCountry "ITA"]
[SourceTitle "playchess.com"]
[Source "ChessBase"]
[SourceQuality "1"]
[TimeControl "40/5400+30:1800+30"]

1. e4 c5 2. Nf3 Nc6 3. d4 cxd4 4. Nxd4 Nf6 5. Nc3 e5 6. Ndb5 d6 7. Bg5 a6 8. Na3 b5 9. Nd5 Be7 10. Bxf6 Bxf6 11. c3 O-O 12. Nc2 Bg5 13. a4 bxa4 14. Rxa4 a5 15. Bc4 Rb8 16. b3 Kh8 17. Nce3 g6 18. h4 Bxh4 19. g3 Bg5 20. f4 exf4 21. gxf4 Bh4+ 22. Kf1 Bf6 23. Ra2 Bg7 24. Rah2 h6 25. Qe2 Qd7 26. Rxh6+ Bxh6 27. Rxh6+ Kg7 28. Qh2 Ba6 29. Rh7+ 1-0